 Dungeon Crawl Stone Soup version 0.32-a0-705-g60f233581c (webtiles) character file.

Game seed: 9436369491257187112

5537 BigAl98 the Skirmisher (level 10, -8/71 HPs)
             Began as a Coglin Hunter on Mar 14, 2024.
             Was a Priest of Hepliaklqana.
             Shot with an arrow by a centaur warrior (22 damage)
             ... on level 9 of the Dungeon.
             The game lasted 00:09:52 (7180 turns).

BigAl98 the Skirmisher (Coglin Hunter)              Turns: 7180, Time: 00:09:53

Health: -8/71      AC: 18    Str: 11    XL:     10   Next: 71%
Magic:  3/3        EV: 10    Int:  4    God:    Hepliaklqana [***...]
Gold:   55         SH:  0    Dex: 22    Spells: 9/9 levels left

rFire   . . .        a - +2 sling {Ajinder}
rCold   . . .        D - +2 sling (antimagic) {Yolanda}
rNeg    . . .        k - +10 ring mail of Violets {Will+++ Int-5 Stlth+}
rPois   .            n - +1 helmet
rElec   .            (no cloak)
rCorr   .            (no gloves)
SInv    .            j - +0 pair of boots
Will    +++..        (amulet unavailable)
Stlth   ++           (ring unavailable)
HPRegen 0.31/turn    (ring unavailable)
MPRegen 0.08/turn    (no gizmo)

%: no passive effects
@: no status effects
A: reduced essence, off-hand wielding, slow wielding, warmup strikes, no
jewellery
a: Invent Gizmo, Renounce Religion, Recall Ancestor, Ancestor Identity,
Transference


You were on level 9 of the Dungeon.
You worshipped Hepliaklqana.
Hepliaklqana was most pleased with you.
You visited 2 branches of the dungeon, and saw 10 of its levels.

You collected 391 gold pieces.
You spent 336 gold pieces at shops.

Inventory:

Hand Weapons
 a - a +2 sling (weapon) {Ajinder}
 C - the +1 arbalest of Guilt {penet, Will- rCorr Str-5 Dex+8}
   (You bought it in a shop on level 8 of the Dungeon)

   Str-5:     It affects your strength (-5).
   Dex+8:     It affects your dexterity (+8).
   Will-:     It decreases your willpower.
   rCorr:     It protects you from acid and corrosion.
 D - a +2 antimagic sling (offhand) {Yolanda}
Missiles
 y - 3 atropa-tipped darts
 A - 3 javelins
Armour
 j - a +0 pair of boots (worn)
 k - the +10 ring mail of Violets (worn) {Will+++ Int-5 Stlth+}
   (You found it on level 3 of the Dungeon)

   Int-5:     It affects your intelligence (-5).
   Will+++:   It greatly increases your willpower.
   Stlth+:    It makes you more stealthy.
 n - a +1 helmet (worn)
 s - the +0 scale mail of Heresy {rF+ Regen+ Stlth-}
   (You found it on level 6 of the Dungeon)

   rF+:       It protects you from fire.
   Regen+:    It increases your rate of health regeneration.
   Stlth-:    It makes you less stealthy.
Wands
 m - a wand of warping (1) (quivered)
Scrolls
 c - a scroll of revelation
 e - a scroll of identify
 g - 3 scrolls of teleportation
 i - 2 scrolls of fog
 l - a scroll of poison
 q - a scroll of summoning
 r - 2 scrolls of blinking
 u - a scroll of immolation
 w - a scroll of enchant armour
 z - a scroll of amnesia
Potions
 b - 3 potions of might {unknown}
 d - a potion of heal wounds {unknown}
 f - 2 potions of ambrosia {unknown}
 h - 2 potions of degeneration {unknown}
 o - 5 potions of attraction {unknown}
 p - a potion of invisibility {unknown}
 t - a potion of mutation {unknown}
 v - 2 potions of curing {unknown}
 x - a potion of lignification {unknown}
 B - a potion of brilliance {unknown}


   Skills:
 + Level 7.5 Fighting
 + Level 12.6 Ranged Weapons
 + Level 3.1 Armour
 + Level 2.3 Dodging
 - Level 1.0 Stealth


You had 9 spell levels left.
You didn't know any spells.
Your spell library contained the following spells:

 Spells                   Type           Power      Damage    Failure   Level
 Summon Small Mammal      Summ           0%         N/A       78%         1
 Ensorcelled Hibernation  Hex/Ice        0%         N/A       89%         2
 Static Discharge         Conj/Air       0%         3-3/arc   89%         2
 Call Canine Familiar     Summ           0%         N/A       98%         3
 Gell's Gravitas          Tloc           0%         N/A       98%         3
 Passwall                 Erth           0%         N/A       98%         3
 Sigil of Binding         Hex            0%         N/A       98%         3
 Swiftness                Air            0%         N/A       98%         3
 Teleport Other           Tloc           0%         N/A       98%         3
 Airstrike                Air            0%         2d(0-16)  100%        4
 Summon Blazeheart Golem  Fire/Summ      0%         N/A       100%        4
 Summon Lightning Spire   Summ/Air       0%         N/A       100%        4
 Alistair's Intoxication  Alch           0%         N/A       100%        5
 Borgnjor's Vile Clutch   Necr/Erth      0%         N/A       100%        5
 Death Channel            Necr           0%         N/A       100%        6
 Dispersal                Tloc           0%         N/A       100%        6
 Eringya's Noxious Bog    Alch           0%         4d6       100%        6
 Sculpt Simulacrum        Ice/Alch       0%         N/A       100%        6


Dungeon Overview and Level Annotations

Branches:
Dungeon (9/15)             Temple (1/1) D:4
   Lair: D:8-11         Orc: D:9-12

Altars:
Ashenzari
Cheibriados
Dithmenos
Fedhas
Gozag
Hepliaklqana
Kikubaaqudgha
Makhleb
Nemelex Xobeh
Okawaru
Qazlal
Ru
Sif Muna
Trog
Uskayaw
Vehumet
Wu Jian
Xom
Zin
The Shining One

Shops:
D:8 (

Annotations:
D:2 1 runed translucent door, Crazy Yiuf


Innate Abilities, Weirdness & Mutations

Your life essence is reduced to manifest your ancestor. (-10% HP)
You can wield a second weapon in your off-hand.
It takes a long time for you to wield or remove held weapons.
Your first few attacks do less damage.
You cannot equip rings or amulets.


Message History

You enter a dispersal trap!
The boulder beetle leaps!
The centaur warrior blinks! x2; The boulder beetle leaps!
You blink.
A steam dragon comes into view.
The boulder beetle leaps!
The boulder beetle attacks as it pursues you!
The boulder beetle bites you but does no damage.
The boulder beetle leaps!
Aiming: Warp Space
Press: ? - help, Q - select action, (/) - cycle Shift-Dir - straight line, f/p - boulder beetle
Aim: a boulder beetle (severely wounded) Space twists violently!
The rupture engulfs the boulder beetle but does no damage.
The boulder beetle leaps!
The boulder beetle is severely wounded.
You hear an angry buzzing noise.
The boulder beetle barely misses you.
The centaur warrior shoots an arrow.
The arrow hits you!
Aiming: Warp Space
Press: ? - help, Q - select action, (/) - cycle Shift-Dir - straight line, p - boulder beetle Space twists violently!
The rupture engulfs the boulder beetle!
The boulder beetle leaps!
The boulder beetle is severely wounded.
You hear an angry hiss.
You hear a shout!
You hear an angry buzzing noise.
You hear a shout!
The centaur warrior shoots an arrow.
The arrow hits you!
* * * LOW HITPOINT WARNING * * *
The centaur warrior shoots an arrow.
The arrow hits you.
* * * LOW HITPOINT WARNING * * *
Aiming: Warp Space
Press: ? - help, Q - select action, (/) - cycle Shift-Dir - straight line Space twists violently!
The rupture engulfs the boulder beetle but does no damage.
The boulder beetle is severely wounded.
The rupture engulfs the centaur warrior!
The centaur warrior blinks!
The centaur warrior is moderately wounded.
You hear an angry buzzing noise.
The centaur warrior shoots an arrow.
The arrow hits you!!
You die...
Hepliaklqana delivers you to your ancestors.

##+###+#'#### #..........###
............# #..##'##.....###
..........#.# ######≈.≈##..~.#..
..........#)## #...##...##....#.#
...#+#+#+#...###...#._._.#~~..#.#
.#.#.#.#.#......c..###ß###.~..'.#
.....#.#.#.#.##......###......###
.......#.#........°..##.....°....
.......#.#...##.@.B.§...##.......
...[.....#.####......o..##...o...
.........#.# #.........##...#.##
.#.#.......# #....~~~..##..##.^.
.......#.### #.....~~..####.°.##
...#.#.#.# #........###.§.D##
.###.#.... #.......##....##$..
..#..### #.###+###....# .##
####.. ... ....# ##


You could see a boulder beetle, a centaur warrior and an orc warrior.

Vanquished Creatures
  Jeremiah (D:9)
  A gargoyle (D:7)
  Grinder (D:5)
  A wyvern (D:8)
  A yak (D:8)
  A steam dragon (D:7)
  Menkaure (D:6)
  An acid dragon (D:8)
  2 sky beasts (D:6)
  An orc warrior (D:8)
  A black bear (D:3)
  An ice beast (D:5)
  4 ogres
  4 centaurs
  A kobold brigand (D:8)
  6 bullfrogs
  A scorpion (D:4)
  12 wights
  An electric eel (D:7)
  2 bombardier beetles
  5 hounds
  2 jellies
  A gnoll bouda (D:6)
  An orc priest (D:8)
  6 sleepcaps
  Jessica (D:3)
  Natasha (thrice) (D:4)
  3 iguanas
  5 orc wizards
  2 human simulacra (D:8)
  9 gnolls
  3 adders
  2 shadow imps (D:6)
  A white imp (D:6)
  2 ufetubi (D:5)
  3 dart slugs
  A ribbon worm (D:5)
  23 orcs
  8 ball pythons
  4 endoplasms
  A giant cockroach (D:4)
  4 goblins
  3 hobgoblins
  A quokka (D:4)
  5 bats
  2 frilled lizards (D:1)
  6 kobolds
  2 rats
153 creatures vanquished.

Vanquished Creatures (collateral kills)
  A yak (D:8)
  2 orc warriors
  7 wights
  A bombardier beetle (D:6)
  3 orc wizards
  2 orcs
16 creatures vanquished.

Vanquished Creatures (others)
  2 knights
  4 ancestors (D:6)
6 creatures vanquished.

Grand Total: 175 creatures vanquished

Notes
Turn   | Place    | Note
-------+----------+-------------------------------------------
     0 | D:1      | BigAl98 the Coglin Hunter began the quest for the Orb.
     0 | D:1      | Reached XP level 1. HP: 16/16 MP: 1/1
   149 | D:1      | Reached skill level 4 in Ranged Weapons
   149 | D:1      | Reached XP level 2. HP: 22/22 MP: 2/2
   490 | D:1      | Found a faded altar of an unknown god.
   598 | D:1      | Reached XP level 3. HP: 27/27 MP: 3/3
  1056 | D:2      | Found a runed translucent door.
  1057 | D:2      | Noticed Crazy Yiuf
  1446 | D:3      | Found a bloodstained altar of Trog.
  1449 | D:3      | Reached XP level 4. HP: 34/34 MP: 4/4
  1609 | D:3      | Noticed Jessica
  1619 | D:3      | Killed Jessica
  1620 | D:3      | Reached skill level 5 in Ranged Weapons
  1717 | D:3      | Noticed a black bear
  1723 | D:3      | Killed a black bear
  1724 | D:3      | Reached XP level 5. HP: 39/39 MP: 5/5
  1930 | D:3      | Identified the +10 ring mail of Violets {Will+++ Int-5
                  | Stlth+}
  2038 | D:4      | Noticed Natasha
  2048 | D:4      | Killed Natasha
  2052 | D:4      | Reached skill level 6 in Ranged Weapons
  2052 | D:4      | Reached XP level 6. HP: 42/46 MP: 6/6
  2066 | D:4      | Found a staircase to the Ecumenical Temple.
  2077 | Temple   | Entered the Ecumenical Temple
  2093 | Temple   | Became a worshipper of Hepliaklqana the Forgotten
  2164 | D:4      | Reached skill level 1 in Armour
  2236 | D:4      | Found a sparkling altar of Nemelex Xobeh.
  2365 | D:4      | Noticed Natasha
  2379 | D:4      | Killed Natasha
  2380 | D:4      | Reached XP level 7. HP: 31/52 MP: 7/7
  2538 | D:4      | Noticed Natasha
  2545 | D:4      | Killed Natasha
  2713 | D:4      | Reached skill level 7 in Ranged Weapons
  2909 | D:5      | Entered Level 5 of the Dungeon
  2948 | D:5      | Noticed Grinder
  3280 | D:5      | Reached * piety under Hepliaklqana
  3310 | D:5      | Reached XP level 8. HP: 54/54 MP: 8/8
  3336 | D:5      | Reached skill level 8 in Ranged Weapons
  3350 | D:5      | Killed Grinder
  3502 | D:6      | Identified the +0 scale mail of Heresy {rF+ Regen+ Stlth-}
  3505 | D:6      | Noticed Menkaure
  3510 | D:6      | Killed Menkaure
  3511 | D:6      | Reached skill level 9 in Ranged Weapons
  3733 | D:6      | Reached skill level 5 in Fighting
  3733 | D:6      | Reached skill level 1 in Stealth
  3779 | D:6      | Reached XP level 9. HP: 61/61 MP: 9/9
  3797 | D:6      | Found a sacrificial altar of Ru.
  3921 | D:6      | Reached skill level 10 in Ranged Weapons
  4416 | D:6      | Found a hide-covered altar of Uskayaw.
  4600 | D:7      | Reached ** piety under Hepliaklqana
  4606 | D:7      | Remembered your ancestor Ulats as a knight
  4765 | D:7      | Reached skill level 11 in Ranged Weapons
  5001 | D:7      | Noticed a gargoyle
  5020 | D:7      | Killed a gargoyle
  5021 | D:7      | Reached XP level 10. HP: 52/69 MP: 10/10
  5873 | D:8      | Found a glowing golden altar of the Shining One.
  6075 | D:8      | Reached skill level 12 in Ranged Weapons
  6362 | D:8      | Reached *** piety under Hepliaklqana
  6521 | D:8      | Found Ipowicwi's Antique Weapon Boutique.
  6807 | D:8      | Bought an iridescent arbalest for 228 gold pieces
  6807 | D:8      | Identified the +1 arbalest of Guilt {penet, Will- rCorr
                  | Str-5 Dex+8} (You bought it in a shop on level 8 of the
                  | Dungeon)
  6807 | D:8      | Bought a runed sling for 108 gold pieces
  7016 | D:9      | Noticed Jeremiah
  7029 | D:9      | Killed Jeremiah
  7111 | D:9      | Found an opulent altar of Gozag.
  7112 | D:9      | Found a blossoming altar of Fedhas.
  7150 | D:9      | Noticed a boulder beetle
  7158 | D:9      | Noticed a centaur warrior
  7180 | D:9      | Shot with an arrow by a centaur warrior

Illustrated notes

Levels and vault maps discovered:
D:1:      minmay_arrival_split_and_join, layout_loops_cross,
          shapermc_ecumenical_altar_notcrosses
D:2:      layout_rooms, uniq_crazy_yiuf_cottage
D:3:      layout_basic, mainiacjoe_overflow_small_starburst,
          chequers_decorated_corner, uniq_jessica
D:4:      layout_basic, mainiacjoe_overflow_tiny_flanked,
          minmay_temple_entry_tees, chequers_serial_rivers_micro_a,
          skrybe_limestone_x, hellmonk_no_cap, uniq_natasha
D:5:      layout_basic, serial_bayou_pond_e, uniq_grinder
D:6:      minmay_thinvault, layout_basic, hangedman_ru_absence,
          lemuel_round_altar, uniq_menkaure
D:7:      layout_cave_pods, nicolae_lava_and_water
D:8:      layout_basic, tso_oasis_becter, serial_shops, kennysheep_mini_moat,
          serial_corexii_hall, chequers_hall_statues_y,
          corexii_hall_statues_deadend, roderic_lattice_a, bh_circular_ruins
D:9:      minmay_skewed_foursquare, layout_basic,
          gammafunk_temple_overflow_statue, nzn_random_ring, uniq_jeremiah
Temple:   compressed_dpeg_triangle_lava_temple

Skill      XL: |  1  2  3  4  5  6  7  8  9 10 |
---------------+-------------------------------+-----
Ranged Weapons | 4 5 6 7 9 11 12 | 12.6
Fighting       | 3 4 5 6 7 |  7.5
Armour         | 1 2 3 |  3.1
Dodging        | 2 |  2.3
Stealth        | 1 |  1.0

Action                     |  1- 3 |  4- 6 |  7- 9 | 10-12 || total
---------------------------+-------+-------+-------+-------++-------
   Fire: Sling             |   122 |   168 |   612 |   332 ||  1234
 Invoke: Ancestor Life: Kn |       |       |     1 |       ||     1
  Evoke: Wand              |       |       |       |     3 ||     3
    Use: Scroll            |       |       |     1 |     9 ||    10
 Armour: Ring mail         |     6 |    35 |    93 |    49 ||   183
  Dodge: Dodged            |     3 |    20 |    45 |    35 ||   103

Table legend: (Time is in decaauts)
 A = Elapsed time spent in this place.
 B = Non-inter-level travel time spent in this place.
 C = Inter-level travel time spent in this place.
 D = Time resting spent in this place.
 E = Time spent auto-exploring this place.
 F = Levels seen in this place.
 G = Mean time per level.
                   A        B        C        D        E       F      G
               +--------+--------+--------+--------+--------+-----+--------+
         Total |   7235 |   6704 |    531 |      0 |   5591 |  10 |  723.5 |
       Dungeon |   7202 |   6701 |    501 |      0 |   5591 |   9 |  800.2 |
        Temple |     32 |      2 |     30 |      0 |      0 |   1 |   32.0 |
               +--------+--------+--------+--------+--------+-----+--------+

Top non-repeatable levels by time:
     D:8: 1351 daAuts
     D:6: 1136 daAuts
     D:4: 1030 daAuts
     D:7: 1009 daAuts
     D:3: 773 daAuts
     D:1: 728 daAuts
     D:2: 539 daAuts
     D:5: 422 daAuts
     D:9: 211 daAuts
  Temple: 32 daAuts
